 Dungeon Sprint DCSS version 0.22.0-16-gc6d26f6 (webtiles) character file.

135 doot the Spear-Bearer (level 5, -3/47 HPs)
             Began as a Merfolk Berserker on Aug 17, 2018.
             Was a Believer of Trog.
             Splashed by an oklob sapling wizard's acid (7 damage)
             ... in the Dungeon (Sprint IV: "Fedhas' Mad Dash").
             The game lasted 00:04:03 (787 turns).

doot the Spear-Bearer (Merfolk Berserker)            Turns: 787, Time: 00:04:05

Health: -3/47      AC: -1    Str: 17    XL:     5   Next: 18%
Magic:  3/5        EV: 14    Int:  7    God:    Trog [**....]
Gold:   55         SH:  0    Dex: 14    Spells: 4/4 levels left

rFire    . . .     SeeInvis .   a - +0 spear
rCold    . . .     Gourm    .   (no shield)
rNeg     . . .     Faith    .   b - +0 animal skin
rPois    .         Spirit   .   (no helmet)
rElec    .         Reflect  .   (no cloak)
rCorr    .         Harm     .   (no gloves)
MR       .....     NoTele   +   (no boots)
Stlth    ++........             k - amulet of invisibility {+Inv}
HPRegen  0.15/turn              (no ring)
MPRegen  0.09/turn              (no ring)

@: corroded, very slightly contaminated, invisible
A: change form in water, swift swim, stealthy swim
a: Berserk, Trog's Hand, Renounce Religion


You were in the Dungeon.
You worshipped Trog.
Trog was pleased with you.
You were near starving.

You visited 1 branch You collected 55 gold pieces.

Inventory:

Hand Weapons
 a - a +0 spear (weapon)
Armour
 b - a +0 animal skin (worn)
Jewellery
 j - an uncursed amulet of regeneration
 k - the amulet of invisibility (around neck) {+Inv}
   (You found it in the Dungeon)

   [amulet of nothing]

   It lets you turn invisible.
Scrolls
 i - a scroll of blinking
 l - a scroll of magic mapping {unknown}
Potions
 d - a potion of curing
 e - a potion of heal wounds
 f - a potion of haste
 g - 2 potions of magic
 h - a potion of berserk rage


   Skills:
 + Level 6.7 Fighting
 * Level 10.8 Polearms
 + Level 2.5 Armour
 + Level 4.5 Dodging
 + Level 1.0 Stealth
 + Level 0.9 Evocations


You had 4 spell levels left.
You didn't know any spells.
Your spell library was empty.

Dungeon Overview and Level Annotations

Branches:
Dungeon (1/1)

Altars:
Cheibriados
Dithmenos
Elyvilon
Gozag
Hepliaklqana
Kikubaaqudgha
Makhleb
Nemelex Xobeh
Okawaru
Qazlal
Ru
Sif Muna
Trog
Uskayaw
Vehumet
Wu Jian
Xom
Yredelemnul
Zin
The Shining One
Beogh
Jiyva
Lugonu

Annotations:
D exclusion: oklob sapling


Message History

The splash of acid hits you!
You are splashed with acid!
The acid burns!
You hit the oklob sapling wizard but do no damage.
You hit the oklob sapling wizard but do no damage.
The oklob sapling wizard casts a spell at you.
The magic dart hits you!
* * * LOW HITPOINT WARNING * * *
You hit the oklob sapling wizard.
The oklob sapling wizard is lightly damaged.
You hit the oklob sapling wizard but do no damage.
The oklob sapling wizard is lightly damaged.
You hit the oklob sapling wizard.
The oklob sapling wizard is moderately damaged.
You catch the helpless oklob sapling wizard completely off-guard!
You hit the oklob sapling wizard but do no damage.
The oklob sapling wizard is moderately damaged.
The oklob sapling wizard spits acid at you.
The splash of acid hits you!
* * * LOW HITPOINT WARNING * * *
The acid corrodes you!
You are splashed with acid!
The acid burns!
You die...

###################
.#.⌠._._._._.⌠.#.%+
.'.._._._._._..'.P#
.#..._._._._...#@.#
##.._._._._._..#.(#
.#._._._._._.⌠.####
.############### ##


You could see an oklob sapling wizard.

Vanquished Creatures
  3 oklob saplings (D)
  A worker ant (D)
  A river rat (D)
  A rat (D)
6 creatures vanquished.

Notes
Turn   | Place    | Note
-------+----------+-------------------------------------------
     0 | D        | doot the Merfolk Berserker began the quest for the Orb.
     0 | D        | Reached XP level 1. HP: 18/18 MP: 1/1
    12 | D        | Reached skill level 5 in Polearms
    12 | D        | Reached XP level 2. HP: 26/26 MP: 2/2
    65 | D        | Noticed an oklob sapling
    67 | D        | Killed an oklob sapling
    67 | D        | Reached ** piety under Trog
    67 | D        | Reached skill level 5 in Fighting
    67 | D        | Reached skill level 7 in Polearms
    67 | D        | Reached XP level 3. HP: 8/33 MP: 3/3
   307 | D        | Found the amulet of invisibility {+Inv}
   311 | D        | Reached skill level 8 in Polearms
   311 | D        | Reached XP level 4. HP: 39/39 MP: 4/4
   378 | D        | Reached skill level 9 in Polearms
   453 | D        | Found an opulent altar of Gozag.
   453 | D        | Found a hazy altar of Hepliaklqana.
   453 | D        | Found a roughly hewn altar of Beogh.
   453 | D        | Found a snail-covered altar of Cheibriados.
   457 | D        | Found a viscous altar of Jiyva.
   457 | D        | Found a burning altar of Makhleb.
   457 | D        | Found a sparkling altar of Nemelex Xobeh.
   457 | D        | Found a sacrificial altar of Ru.
   457 | D        | Found a deep blue altar of Sif Muna.
   457 | D        | Found a bloodstained altar of Trog.
   457 | D        | Found an ornate altar of the Wu Jian Council.
   457 | D        | Found a shimmering altar of Xom.
   457 | D        | Found a basalt altar of Yredelemnul.
   457 | D        | Noticed an oklob sapling priest
   458 | D        | Found an iron altar of Okawaru.
   458 | D        | Found a glowing silver altar of Zin.
   458 | D        | Found a shadowy altar of Dithmenos.
   459 | D        | Found a hide-covered altar of Uskayaw.
   459 | D        | Found an ancient bone altar of Kikubaaqudgha.
   460 | D        | Found a stormy altar of Qazlal.
   460 | D        | Found a glowing golden altar of the Shining One.
   460 | D        | Found a white marble altar of Elyvilon.
   461 | D        | Found a radiant altar of Vehumet.
   461 | D        | Found a corrupted altar of Lugonu.
   468 | D        | Killed an oklob sapling priest
   468 | D        | Reached skill level 10 in Polearms
   468 | D        | Reached skill level 1 in Stealth
   468 | D        | Reached XP level 5. HP: 47/47 MP: 2/5
   787 | D        | Splashed by an oklob sapling wizard's acid

Skill      XL: |  1  2  3  4 |
---------------+-------------+-----
Fighting       | 4 5 6 |  6.7
Polearms       | 5 7 8 10 | 10.8
Dodging        | 3 4 |  4.5
Armour         | 2 |  2.5
Stealth        | 1 |  1.0
Evocations     | |  0.9

Action                   |  1- 3 |  4- 6 || total
-------------------------+-------+-------++-------
Melee: Spear             |    10 |    14 ||    24
Invok: Berserk           |     3 |     2 ||     5
 Abil: Evoke Invisibilit |       |     3 ||     3
 Stab: Invisible         |       |     3 ||     3
  Eat: Ration            |       |     1 ||     1
Dodge: Dodged            |     2 |       ||     2
